 Dungeon Crawl Stone Soup version 0.24.1-14-gf8d2b509d9 (webtiles) character file.

Game seed: 6761128506121997580, levelgen mode: deterministic

172 Hugehornet the Insei (level 5, 0/33 HPs)
             Began as an Octopode Transmuter on May 17, 2020.
             Slain by PIKKUHERKKO's ghost (9 damage)
             ... on level 3 of the Dungeon.
             The game lasted 00:05:25 (3686 turns).

Hugehornet the Insei (Octopode Transmuter)          Turns: 3686, Time: 00:05:26

Health: 0/33       AC:  1    Str:  9    XL:     5   Next: 52%
Magic:  7/9        EV: 13    Int: 16    God:
Gold:   139        SH:  0    Dex: 13    Spells: 0/10 levels left

rFire    + . .     SeeInvis +     - Unarmed
rCold    . . .     Gourm    .   (no shield)
rNeg     . . .     Faith    .   (helmet restricted)
rPois    .         Spirit   .   (no amulet)
rElec    .         Reflect  .   k - ring of see invisible
rCorr    .         Harm     .   b - ring of protection from fire
MR       +....                  (no ring)
Stlth    ++........             (no ring)
HPRegen  0.11/turn              (no ring)
MPRegen  0.11/turn              (no ring)
                                (no ring)
                                (no ring)

@: appendage (expiring), hasted, very quick
A: almost no armour, stealthy swim, amphibious, 8 rings, constrict 8, tentacle
spike 3, camouflage 1, see invisible, magic resistance 1, gelatinous body 1
a: End Transformation


You were on level 3 of the Dungeon.
You were not hungry.
One of your tentacles had a temporary spike.
You visited 1 branch of the dungeon, and saw 3 of its levels.

You collected 139 gold pieces.

Inventory:

Missiles
 a - 51 arrows
Jewellery
 b - a ring of protection from fire (right tentacle)
 k - a ring of see invisible (left tentacle)
Scrolls
 f - 2 scrolls of identify
 g - 2 scrolls of remove curse
 h - a scroll of enchant weapon
 i - a scroll of random uselessness
 j - 2 scrolls of teleportation {unknown}
 l - a scroll of amnesia {unknown}
Potions
 e - a potion of curing
Comestibles
 c - 5 rations


   Skills:
 - Level 1.0 Fighting
 - Level 2.0 Dodging
 + Level 3.6 Unarmed Combat
 + Level 3.1 Spellcasting
 * Level 3.1 Transmutations
 * Level 0.7 Ice Magic
 - Level 3.0 Poison Magic


You couldn't memorise any spells.
You knew the following spells:

 Your Spells              Type           Power        Failure   Level  Hunger
a - Beastly Appendage     Tmut           ##....       4%          1    None
b - Sticks to Snakes      Tmut           ##......     8%          2    ##.....
c - Spider Form           Tmut/Pois      ##........   16%         3    ###....
d - Ice Form              Ice/Tmut       #.......     63%         4    ####...

Your spell library contained the following spells:

 Spells                   Type           Power        Failure   Level  Hunger
 Blade Hands              Tmut           ##........   80%         5    ######.


Dungeon Overview and Level Annotations

Branches:
Dungeon (3/15)

Altars:

Annotations:
D:3 PIKKUHERKKO's ghost, weakling HOMo


Innate Abilities, Weirdness & Mutations

You cannot wear most types of armour.
You are very stealthy in the water. (Stealth+)
You are amphibious.
You can wear up to eight rings at the same time.
You can use your tentacles to constrict eight enemies at once.
Your skin changes colour to match your surroundings (Stealth+).
Your rubbery body absorbs attacks. (AC +1, EV +1)
One of your tentacles bears a large vicious spike.
You have supernaturally acute eyesight. (SInv)
You are resistant to hostile enchantments. (MR+)


Message History

PIKKUHERKKO's ghost is moderately damaged.
Your transformation is almost over.
PIKKUHERKKO's ghost hits you!
You closely miss PIKKUHERKKO's ghost.
You pierce PIKKUHERKKO's ghost.
PIKKUHERKKO's ghost is heavily damaged.
PIKKUHERKKO's ghost hits you!
* * * LOW HITPOINT WARNING * * *
You feel better.
PIKKUHERKKO's ghost hits you but does no damage.
You feel yourself speed up. PIKKUHERKKO's ghost hits you!
* * * LOW HITPOINT WARNING * * *
You feel better.
You tentacle-slap PIKKUHERKKO's ghost.
Your tentacle spike misses PIKKUHERKKO's ghost.
PIKKUHERKKO's ghost is severely damaged.
PIKKUHERKKO's ghost misses you.
You barely miss PIKKUHERKKO's ghost. You tentacle-slap PIKKUHERKKO's ghost.
PIKKUHERKKO's ghost is almost destroyed.
PIKKUHERKKO's ghost hits you!
You die...

######.................#.....#.#
.......#########.......#.....#.#
######.#.......#.......#.....#.#
#.#.......#......##.....#†#
######.#.$.....'.#).....<....#.#
.......#.%.$...'.............#.#
.......#.......'S............#.#
.......#......S#W#...........#.#
.......#.......#@#.........###.##
.......#########.#.........# #...
....÷............#.........######
......#.##########......)..'.....
..(...#.##########.........######
#####.#.........#.)..............
# ##.#########.#.####.#.#.######
####.............).....#.#.# #.
................#.######.#.# #.


You could see PIKKUHERKKO's ghost and 2 adders.

Vanquished Creatures
  A hound (D:3)
  An orc wizard (D:3)
  4 adders (D:2)
  2 worms (D:3)
  A dart slug (D:2)
  4 leopard geckos
  3 orcs (D:3)
  11 bats
  6 giant cockroaches
  5 hobgoblins
  4 jackals (D:2)
  3 quokkas
  2 ball pythons
  2 frilled lizards
  7 goblins
  5 kobolds
  6 rats
67 creatures vanquished.

Notes
Turn   | Place    | Note
-------+----------+-------------------------------------------
     0 | D:1      | Hugehornet the Octopode Transmuter began the quest for the
                  | Orb.
     0 | D:1      | Reached XP level 1. HP: 13/13 MP: 3/3
   203 | D:1      | Reached XP level 2. HP: 13/18 MP: 5/5
   474 | D:1      | Learned a level 2 spell: Sticks to Snakes
  1006 | D:2      | Reached XP level 3. HP: 21/23 MP: 4/6
  1011 | D:2      | Learned a level 3 spell: Spider Form
  1316 | D:2      | Reached skill level 1 in Poison Magic
  1695 | D:2      | Reached XP level 4. HP: 25/28 MP: 7/7
  2385 | D:3      | Found a runed translucent gate.
  2385 | D:3      | Found a runed translucent gate.
  2385 | D:3      | Found a runed translucent gate.
  2592 | D:3      | Noticed PIKKUHERKKO's ghost (weakling HOMo)
  2742 | D:3      | Reached XP level 5. HP: 29/33 MP: 5/9
  2749 | D:3      | Learned a level 4 spell: Ice Form
  2989 | D:3      | Gained mutation: You have supernaturally acute eyesight.
                  | (SInv) [potion of mutation]
  2989 | D:3      | Gained mutation: You are resistant to hostile enchantments.
                  | (MR+) [potion of mutation]
  3686 | D:3      | Slain by PIKKUHERKKO's ghost

Levels and vault maps discovered:
D:1:      eino_arrival_cavern_c, layout_basic, chequers_serial_rivers_marsh
D:2:      layout_basic, minmay_statues_item
D:3:      layout_basic, first_ration, gammafunk_ghost_split

Skill      XL: |  1  2  3  4  5 |
---------------+----------------+-----
Transmutations | 3 |  3.1
Poison Magic   | 1 3 |  3.0
Spellcasting   | 3 |  3.1
Fighting       | |  1.0
Dodging        | |  2.0
Unarmed Combat | |  3.6
Ice Magic      | |  0.7

Action                   |  1- 3 |  4- 6 || total
-------------------------+-------+-------++-------
Melee: Unarmed           |    64 |    91 ||   155
       Constrict         |    25 |    16 ||    41
       Tentacles         |    11 |     7 ||    18
       Kick              |    13 |    18 ||    31
       Punch             |     2 |     1 ||     3
 Cast: Beastly Appendage |    20 |    24 ||    44
       Spider Form       |       |     2 ||     2
 Abil: End Transformatio |       |     1 ||     1
  Use: Scroll            |       |     6 ||     6
       Potion            |       |     4 ||     4
 Stab: Sleeping          |     3 |     4 ||     7
  Eat: Chunk             |     3 |     6 ||     9
Armor: Skin              |    19 |    11 ||    30
Dodge: Dodged            |    82 |    64 ||   146
